 Seeded DCSS version 0.29.1-12-g30fa7ad0bf (webtiles) character file.

Game seed: 20230109 (custom seed)

151 stormannn the Conjurer (level 5, -1/28 HPs)
             Began as a Deep Elf Conjurer on Jan 9, 2023.
             Slain by an ice beast (5 damage)
             ... on level 5 of the Dungeon.
             The game lasted 00:04:11 (2110 turns).

stormannn the Conjurer (Deep Elf Conjurer)          Turns: 2110, Time: 00:04:11

Health: -1/28      AC:  2    Str:  4    XL:     5   Next: 11%
Magic:  13/13      EV: 13    Int: 25    God:
Gold:   115        SH:  0    Dex: 13    Spells: 9/12 levels left

rFire   . . .      SeeInvis .   (no weapon)
rCold   . . .      Faith    .   (no shield)
rNeg    . . .      Spirit   .   a - +0 robe
rPois   .          Reflect  .   (no helmet)
rElec   .          Harm     .   (no cloak)
rCorr   .          Rampage  .   (no gloves)
Will    .....                   (no boots)
Stlth   +.........              (no amulet)
HPRegen 0.09/turn               (no ring)
MPRegen 0.13/turn               (no ring)

@: mighty, brilliant, silenced, attractive, flying, studying Air Magic
A: no striking features
a: no special abilities


You were on level 5 of the Dungeon.
You visited 1 branch of the dungeon, and saw 5 of its levels.

You collected 115 gold pieces.

Inventory:

Armour
 a - a +0 robe (worn)
Jewellery
 k - a ring of wizardry
 m - a +4 ring of evasion
Wands
 l - a wand of flame (27)
Scrolls
 e - a scroll of identify
 g - 2 scrolls of fear
Potions
 b - 2 potions of magic
 i - 2 potions of curing


   Skills:
 + Level 3.8 Dodging
 - Level 2.4 Stealth
 + Level 4.3 Spellcasting
 * Level 5.9 Conjurations


You had 9 spell levels left.
You knew the following spells:

 Your Spells              Type           Power      Damage    Failure   Level
a - Magic Dart            Conj           100%       1d8       1%          1
b - Searing Ray           Conj           100%       2d8       1%          2

Your spell library contained the following spells:

 Spells                   Type           Power      Damage    Failure   Level
 Static Discharge         Conj/Air       30%        3-7/arc   4%          2
 Dazzling Flash           Conj/Hex       60%        N/A       8%          3
 Fulminant Prism          Conj/Hex       15%        3d11      26%         4
 Iskenderun's Mystic Bla  Conj/Tloc      30%        2d8       26%         4
 Sticky Flame             Conj/Fire      30%        2d5       26%         4
 Dispel Undead            Necr           8%         3d8       65%         4


Dungeon Overview and Level Annotations

Branches:
Dungeon (6/15)
 Temple: D:4-7

Altars:

Shops:
D:6 [[


Message History

The jackal barely misses you. The jackal bites you. x2
The hound barely misses you. The jackal bites you. x2
The jackal closely misses you. The hound bites you.
* * * LOW HITPOINT WARNING * * *
The jackal bites you.
* * * LOW HITPOINT WARNING * * *
An orc comes into view.
It is wielding a +1 short sword of venom.
The jackal closely misses you. The orc is attracted toward you.
Unknown command.
Unknown command.
Unknown command.
Unknown command.
Unknown command.
You feel much better. The hound misses you. The jackal closely misses you. x2
The jackal misses you. The jackal bites you.
The ice beast completely misses you. The black bear bites you!
The black bear claws you. The black bear closely misses you.
It was a potion of might.
You feel very mighty all of a sudden. The hound closely misses you.
The jackal bites you but does no damage.
The jackal bites you.
The jackal bites you but does no damage.
The jackal barely misses you. The ice beast barely misses you.
The hound bites you. The black bear bites you.
The black bear barely misses you. The black bear claws you.
Unknown command.
Unknown command.
Magic scrolls do not work when you're silenced!
You cannot cast spells when silenced!
The jackal closely misses you.
The jackal bites you but does no damage.
The jackal closely misses you. The jackal misses you.
The hound bites you but does no damage. The jackal barely misses you.
The jackal bites you.
* * * LOW HITPOINT WARNING * * *
The jackal barely misses you. The jackal bites you.
* * * LOW HITPOINT WARNING * * *
The ice beast hits you.
You die...

##... #....# #...
#h...# .... +....#
.... #....##
#######.....#
#...........#
#..o........#
#.hhh.......#
#oh@h.......#
#....Y.h.......#
....############..
... .. ..


You could see a black bear (unsilenced), an ice beast, a hound, 2 orcs and 4
jackals.

Vanquished Creatures
  Natasha (thrice) (D:2)
  A gnoll (D:2)
  4 adders
  4 endoplasms
  A giant cockroach (D:3)
  2 goblins (D:2)
  4 hobgoblins (D:2)
  2 jackals (D:1)
  5 ball pythons
  3 bats (D:2)
  A frilled lizard (D:1)
  4 kobolds
  A rat (D:2)
35 creatures vanquished.

Notes
Turn   | Place    | Note
-------+----------+-------------------------------------------
     0 | D:1      | stormannn the Deep Elf Conjurer began the quest for the
                  | Orb.
     0 | D:1      | Reached XP level 1. HP: 10/10 MP: 6/6
   334 | D:1      | Reached XP level 2. HP: 15/15 MP: 5/8
   721 | D:1      | Learned a level 2 spell: Searing Ray
   722 | D:2      | Found a faded altar of an unknown god.
   941 | D:2      | Reached skill level 5 in Conjurations
   983 | D:2      | Reached XP level 3. HP: 19/19 MP: 6/10
  1167 | D:2      | Noticed Natasha
  1173 | D:2      | Killed Natasha
  1280 | D:2      | Noticed Natasha
  1286 | D:2      | Killed Natasha
  1287 | D:2      | Reached XP level 4. HP: 22/24 MP: 4/12
  1568 | D:2      | Noticed Natasha
  1571 | D:2      | Killed Natasha
  1644 | D:2      | Reached XP level 5. HP: 28/28 MP: 8/13
  1993 | D:3      | You fall into a shaft and drop 3 floors!
  2003 | D:6      | Found Isor's Antique Armour Boutique.
  2005 | D:6      | Noticed a black bear
  2029 | D:6      | Found Huadgh's Armour Boutique.
  2067 | D:5      | Entered Level 5 of the Dungeon
  2084 | D:5      | Noticed a black bear
  2103 | D:5      | Noticed an ice beast
  2110 | D:5      | Slain by an ice beast

Illustrated notes

Levels and vault maps discovered:
D:1:      scummos_arrival_simple_crosswalls, layout_basic
D:2:      layout_rooms, basic_ecumenical_altar, nrook_mini_backslash,
          chequers_serial_rivers_room_b, nicolae_eternal_life,
          minmay_tiny_reverse_x, uniq_natasha
D:3:      layout_loops_ring, st_stairs_3, minmay_fractal_squares_gapless_5,
          uniq_sigmund
D:5:      layout_gridville, minmay_temple_entry_trees,
          ebering_ghost_disaster_area
D:6:      layout_cave_pools, serial_gnoll_camp, gnoll_camp_huts_moat,
          gnoll_camp_mini_hut, gnoll_camp_mini_hut, gnoll_camp_mini_shop,
          serial_shops, nicolae_shop_trees

Skill      XL: |  1  2  3 |
---------------+----------+-----
Conjurations   | 5 |  5.9
Dodging        | 3 |  3.8
Spellcasting   | 4 |  4.3
Stealth        | |  2.4

Action                   |  1- 3 |  4- 6 || total
-------------------------+-------+-------++-------
Melee: Unarmed           |       |     1 ||     1
 Cast: Magic Dart        |    55 |    23 ||    78
  Use: Potion            |       |     6 ||     6
       Scroll            |       |     4 ||     4
Armor: Robe              |       |    12 ||    12
Dodge: Dodged            |     3 |    46 ||    49
